 Dungeon Crawl Stone Soup version 0.31-a0-277-g31ea1f65cc (webtiles) character file.

Game seed: 2174919356707658266

21 Zonian the Changeling (level 2, -2/15 HPs)
             Began as a Vine Stalker Shapeshifter on July 15, 2023.
             Slain by Natasha (6 damage)
             ... on level 2 of the Dungeon.
             The game lasted 00:02:43 (908 turns).

Zonian the Changeling (Vine Stalker Shapeshifter)    Turns: 908, Time: 00:02:46

Health: -2/15      AC:  2    Str: 17    XL:     2   Next: 87%
Magic:  0/3        EV: 12    Int:  8    God:
Gold:   31         SH:  0    Dex: 14    Spells: 1/1 levels left

rFire   . .          .
                       - Unarmed
rCold   . . .        (no shield)
rNeg    . . .        a - +0 animal skin
rPois   .            (helmet currently unavailable)
rElec   .            (cloak currently unavailable)
rCorr   .            (gloves currently unavailable)
SInv    .            (boots currently unavailable)
Will    .....        (no amulet)
Stlth   +            (no ring)
HPRegen 0.22/turn    (no ring)
MPRegen 0.08/turn

%: guardian spirit
@: beast-form, slowed, very slow
A: beast (slay +2), fangs 2, magic shield, antimagic bite, no potion heal 2
a: Begin Untransformation


You were on level 2 of the Dungeon.
You were a hulking beast.
You visited 1 branch of the dungeon, and saw 2 of its levels.

You collected 31 gold pieces.

Inventory:

Armour
 a - a +0 animal skin (worn)
 h - an orb of mayhem
Magical Staves
 n - a staff of cold
Talismans
 c - a beast talisman
Scrolls
 g - a scroll of noise {unknown}
 k - a scroll of blinking {unknown}
 l - a scroll of fog {unknown}
 m - a scroll of brand weapon {unknown}
 o - a scroll of poison {unknown}
Potions
 b - a potion of lignification
 d - a potion of curing {unknown}
 e - a potion of might {unknown}
 f - a potion of brilliance {unknown}
 i - a potion of attraction {unknown}
 j - a potion of degeneration {unknown}


   Skills:
 + Level 2.1 Fighting
 + Level 1.9 Dodging
 + Level 2.3 Unarmed Combat
 + Level 3.1 Shapeshifting


You had one spell level left.
You didn't know any spells.
Your spell library was empty.

Dungeon Overview and Level Annotations

Branches:
Dungeon (2/15)

Altars:
Okawaru

Annotations:
D:2 Natasha


Innate Abilities, Weirdness & Mutations

You are a hulking beast.
Your limbs bulge with bestial killing power. (Slay +2)
You have extremely sharp teeth.
When hurt, damage is shared between your health and your magic reserves.
Your bite disrupts and absorbs the magic of your enemies.
Potions cannot restore your health.


Message History

The kobold hits you with a +0 short sword.
You hit the kobold but do no damage. The kobold closely misses you.
You hit the kobold.
You kill the kobold!
No target in view!
Unknown command.
Unknown command.
Things that are here:
a +0 short sword; a kobold corpse
Found an iron altar of Okawaru.
A goblin comes into view. It is wielding a +0 club.
Unknown command.
You barely miss the goblin. The goblin hits you with a +0 club.
You hit the goblin.
The goblin is moderately wounded.
You hit the goblin.
You kill the goblin!
No target in view!
Magic restored.
HP restored.
Natasha, Servant of Life and Death comes into view.
Natasha hisses angrily.
Natasha casts a spell at you. The magic dart hits you.
Natasha is nearby!
Unknown command.
Natasha casts a spell at you. The magic dart hits you!
* * * LOW HITPOINT WARNING * * *
Unknown command.
Natasha is nearby!
Still begin transforming?
You begin untransforming.
You continue untransforming.
Natasha casts a spell at you.
Keep transforming yourself?
You feel yourself slow down.
You continue untransforming. x2
Natasha mewls in sadness.
Natasha claws you!
You die...

.# .# # .# #.
########. .#
#.###.>...... .#
#...#.########.#
###.)..........#
#...#.###....h.#
#.#.#.# #.._..h#
#.#.#.#
#..).......
#.#.#.#
#......#.##
#.#.#.#
##..#..#.#
#.#.#..
........#
#.#.###
######.### #.#.#
.# #.#.##


You could see Natasha.

Vanquished Creatures
  5 bats (D:1)
  2 endoplasms (D:1)
  A giant cockroach (D:1)
  2 goblins
  3 kobolds
  A ball python (D:1)
  3 frilled lizards (D:1)
  5 rats (D:1)
22 creatures vanquished.

Notes
Turn   | Place    | Note
-------+----------+-------------------------------------------
     0 | D:1      | Zonian the Vine Stalker Shapeshifter began the quest for
                  | the Orb.
     0 | D:1      | Reached XP level 1. HP: 11/11 MP: 2/2
   132 | D:1      | Reached XP level 2. HP: 13/15 MP: 3/3
   294 | D:1      | Found a faded altar of an unknown god.
   881 | D:2      | Found an iron altar of Okawaru.
   902 | D:2      | Noticed Natasha
   908 | D:2      | Slain by Natasha

Illustrated notes

Levels and vault maps discovered:
D:1:      co_arrival_random_square_maze, layout_basic,
          hellmonk_ecumenical_altar_slurped_away, serial_curves, eino_curves_03,
          eino_curves_01
D:2:      layout_basic, basic_altar, uniq_natasha

Skill      XL: |  1  2 |
---------------+-------+-----
Fighting       | 2 |  2.1
Dodging        | |  1.9
Unarmed Combat | |  2.3
Shapeshifting  | |  3.1

Action                     || total
---------------------------++-------
  Melee: Unarmed           ||    44
         Bite              ||    10
   Stab: Sleeping          ||     2
 Armour: Animal skin       ||    12
  Dodge: Dodged            ||    38
         Form:             ||     1

Table legend: (Time is in decaauts)
 A = Elapsed time spent in this place.
 B = Non-inter-level travel time spent in this place.
 C = Inter-level travel time spent in this place.
 D = Time resting spent in this place.
 E = Time spent auto-exploring this place.
 F = Levels seen in this place.
 G = Mean time per level.
                   A        B        C        D        E       F      G
               +--------+--------+--------+--------+--------+-----+--------+
         Total |    906 |    890 |     16 |      0 |    695 |   2 |  453.0 |
       Dungeon |    906 |    890 |     16 |      0 |    695 |   2 |  453.0 |
               +--------+--------+--------+--------+--------+-----+--------+

Top non-repeatable levels by time:
     D:1: 855 daAuts
     D:2: 51 daAuts
